 Dungeon Sprint DCSS version 0.29-a0-542-g075992c915 (webtiles) character file.

Game seed: 798913506978380882

88 mhtbhm the Covered (level 5, -5/48 HPs)
             Began as a Meteoran Fighter on June 4, 2022.
             Slain by an ice beast (9 damage)
             ... in the Dungeon (Sprint IX: "|||||||||||||||||||||||||||||").
             The game lasted 00:00:16 (222 turns).

mhtbhm the Covered (Meteoran Fighter)                Turns: 222, Time: 00:00:17

Health: -5/48      AC:  7    Str: 19    XL:     5   Next: 10%
Magic:  6/6        EV:  9    Int: 10    God:
Gold:   0          SH:  5    Dex: 13    Spells: 4/4 levels left

rFire   . . .      SeeInvis .   a - +0 flail
rCold   . . .      Faith    .   c - +0 buckler
rNeg    . . .      Spirit   .   b - +0 scale mail
rPois   .          Reflect  .   (no helmet)
rElec   .          Harm     .   (no cloak)
rCorr   .          Rampage  .   (no gloves)
Will    .....      NoTele   +   (no boots)
Stlth   ..........              (no amulet)
HPRegen 0.16/turn               (no ring)
MPRegen 0.10/turn               (no ring)

@: mighty, glowing
A: sense surroundings 1, otherworldly, glowing, explore regen
a: no special abilities


You were in the Dungeon.
You visited 1 branch

Inventory:

Hand Weapons
 a - a +0 flail (weapon)
Armour
 b - a +0 scale mail (worn)
 c - a +0 buckler (worn)
Scrolls
 j - a scroll of blinking
Potions
 e - a potion of curing
 f - a potion of heal wounds
 g - a potion of haste
 h - 2 potions of magic
 i - a potion of berserk rage


   Skills:
 + Level 5.4 Fighting
 + Level 5.6 Maces & Flails
 + Level 6.9 Armour
 + Level 1.1 Dodging
 + Level 6.1 Shields


You had 4 spell levels left.
You didn't know any spells.
Your spell library was empty.

Dungeon Overview and Level Annotations

Branches:
Dungeon (1/1)

Altars:


Innate Abilities, Weirdness & Mutations

You passively map a small area around you.
You are easily found by Zot.
You glow in the dark.
You regain HP and MP as you explore.


Message History

Your experience leads to an increase in your attributes!
Increase (S)trength, (I)ntelligence, or (D)exterity?
You feel stronger. x2; You feel clever.
You have reached level 4!
You have reached level 5!
You sock the ice beast!
The ice beast is severely wounded.
The ice beast closely misses you.
You barely miss the ice beast.
The ice beast is severely wounded.
The ice beast hits you. The ice beast freezes you!
You barely miss the ice beast.
The ice beast is severely wounded.
You block the ice beast's attack. x2
You sock the ice beast!
The ice beast is almost dead.
The ice beast hits you. The ice beast freezes you.
You closely miss the ice beast.
The ice beast is almost dead.
The ice beast barely misses you.
You barely miss the ice beast.
The ice beast is almost dead.
The ice beast barely misses you.
You completely miss the ice beast.
The ice beast is almost dead.
The ice beast closely misses you.
You completely miss the ice beast.
The ice beast is almost dead.
The ice beast hits you but does no damage.
You barely miss the ice beast.
The ice beast is almost dead.
The ice beast hits you. The ice beast freezes you!
* * * LOW HITPOINT WARNING * * *
The ice beast hits you but does no damage.
You closely miss the ice beast.
The ice beast is almost dead.
The ice beast hits you.
* * * LOW HITPOINT WARNING * * *
The ice beast freezes you!
You die...

* ▓+▓
▓.▓
▓.▓,
▓.▓
▓h▓ *
, ▓Y▓
, ▓@▓
* ,
▓.▓ *
* ▓.▓
,
▓.▓,*
* *
▓.▓ ,
▓.▓ *
* ▓)▓
* ▓.▓
*,
▓.▓,
,


You could see an ice beast and a jackal.

Vanquished Creatures
  A phantom (D)
  A shadow imp (D)
  An orc (D)
  A bat (D)
  An endoplasm (D)
  A hobgoblin (D)
  2 goblins (D)
8 creatures vanquished.

Notes
Turn   | Place    | Note
-------+----------+-------------------------------------------
     0 | D        | mhtbhm the Meteoran Fighter began the quest for the Orb.
     0 | D        | Reached XP level 1. HP: 19/19 MP: 2/2
    17 | D        | Reached XP level 2. HP: 14/27 MP: 3/3
   198 | D        | Noticed an ice beast
   198 | D        | Noticed a phantom
   204 | D        | Reached skill level 5 in Armour
   212 | D        | Killed a phantom
   213 | D        | Reached skill level 5 in Fighting
   213 | D        | Reached skill level 5 in Maces & Flails
   213 | D        | Reached skill level 1 in Dodging
   213 | D        | Reached XP level 3. HP: 30/36 MP: 4/4
   213 | D        | Reached XP level 4. HP: 35/42 MP: 5/5
   213 | D        | Reached XP level 5. HP: 40/48 MP: 6/6
   222 | D        | Slain by an ice beast

Illustrated notes

Levels and vault maps discovered:
D:        linesprint [early_d, line_temple, items_1, d_10, items_2, lair_1,
          lair_end, items_3, orc_1, orc_end, items_4, d_15, swamp_1, shoals_1,
          snake_1, spider_1, d_20, vaults_1, items_5, swamp_end, shoals_end,
          snake_end, spider_end, vaults_end, d_27, items_6, zot_1, zot_end,
          crypt_end, forest_end, elf_end, slime_end, tomb_end, abyss_end,
          pan_hell_end]

Skill      XL: |  1  2 |
---------------+-------+-----
Armour         | 4 6 |  6.9
Shields        | 4 6 |  6.1
Maces & Flails | 3 5 |  5.6
Fighting       | 5 |  5.4
Dodging        | 1 |  1.1

Action                   |  1- 3 |  4- 6 || total
-------------------------+-------+-------++-------
Melee: Flail             |    27 |    10 ||    37
  Use: Potion            |     1 |       ||     1
Armor: Scale mail        |     9 |     2 ||    11
Dodge: Dodged            |     8 |     4 ||    12
Block: Buckler           |     5 |     2 ||     7

Table legend: (Time is in decaauts)
 A = Elapsed time spent in this place.
 B = Non-inter-level travel time spent in this place.
 C = Inter-level travel time spent in this place.
 D = Time resting spent in this place.
 E = Time spent auto-exploring this place.
 F = Levels seen in this place.
 G = Mean time per level.
                   A        B        C        D        E       F      G
               +--------+--------+--------+--------+--------+-----+--------+
         Total |    231 |    231 |      0 |    173 |      3 |   1 |  231.0 |
       Dungeon |    231 |    231 |      0 |    173 |      3 |   1 |  231.0 |
               +--------+--------+--------+--------+--------+-----+--------+

Top non-repeatable levels by time:
       D: 231 daAuts
